 Dungeon Crawl Stone Soup version 0.29.1-2-gbd0b4ee654 (webtiles) character file.

Game seed: 16283377877006912701

6549 DildoBatman the Chiller (level 11, -23/79 HPs)
             Began as a Formicid Conjurer on Nov 10, 2022.
             Was a Believer of Kikubaaqudgha.
             Annihilated by an ettin
             ... wielding a +0 dire flail
              (40 damage)
             ... on level 1 of the Orcish Mines.
             The game lasted 00:36:39 (8903 turns).

DildoBatman the Chiller (Formicid Conjurer)         Turns: 8903, Time: 00:36:40

Health: -23/79     AC:  6    Str: 11    XL:     11   Next: 20%
Magic:  18/21      EV: 13    Int: 31    God:    Kikubaaqudgha [**....]
Gold:   478        SH:  5    Dex: 16    Spells: 13/24 levels left

rFire   . . .      SeeInvis +   U - +5 spear (freeze)
rCold   . . .      Faith    .   (no shield)
rNeg    . . .      Spirit   .   j - +0 robe
rPois   .          Reflect  +   (helmet unavailable)
rElec   .          Harm     .   T - +0 cloak
rCorr   .          Rampage  .   B - +2 pair of gloves
Will    +....                   (no boots)
Stlth   ++........              g - amulet of reflection
HPRegen 0.23/turn               v - +6 ring of intelligence
MPRegen 0.17/turn               p - +6 ring of intelligence

@: no status effects
A: permanent stasis, dig shafts and tunnels, antennae 3, four strong arms
a: Dig, Shaft Self, Renounce Religion, Unearth Wretches


You were on level 1 of the Orcish Mines.
You worshipped Kikubaaqudgha.
Kikubaaqudgha was pleased with you.
You visited 3 branches of the dungeon, and saw 11 of its levels.

You collected 478 gold pieces.

Inventory:

Hand Weapons
 a - a +3 falchion
 b - a +0 shortbow
 U - a +5 spear of freezing (weapon)
Missiles
 e - 24 poisoned darts (quivered)
 m - 98 stones
 n - a boomerang of dispersal
 x - a throwing net
 H - 4 javelins
 P - a curare-tipped dart
Armour
 j - a +0 robe (worn)
 B - a +2 pair of gloves (worn)
 T - a +0 cloak (worn)
Jewellery
 g - an amulet of reflection (around neck)
 l - a ring of magical power
 p - a +6 ring of intelligence (right hand)
 v - a +6 ring of intelligence (left hand)
 y - a ring of positive energy
 G - a ring of protection from cold
 Q - a ring of wizardry
Wands
 s - a wand of charming (14)
 D - a wand of digging (6)
 F - a wand of polymorph (4)
 L - a wand of flame (12)
Scrolls
 d - 2 scrolls of enchant weapon
 h - 2 scrolls of torment {unknown}
 i - a scroll of acquirement {unknown}
 q - 2 scrolls of summoning {unknown}
 t - a scroll of butterflies {unknown}
 u - a scroll of noise {unknown}
 w - a scroll of blinking {unknown}
 z - 2 scrolls of identify
 A - 2 scrolls of poison {unknown}
 C - 3 scrolls of magic mapping
 E - 3 scrolls of amnesia
 J - a scroll of brand weapon {unknown}
 K - a scroll of fear {unknown}
 M - 3 scrolls of enchant armour {unknown}
 N - a scroll of immolation {unknown}
Potions
 c - 3 potions of ambrosia
 f - 4 potions of curing
 k - 3 potions of lignification
 o - 2 potions of degeneration {unknown}
 r - 4 potions of heal wounds
 I - 4 potions of magic
 O - 4 potions of might
 R - a potion of mutation {unknown}
 S - a potion of attraction {unknown}


   Skills:
 - Level 5.0 Fighting
 - Level 3.0 Ranged Weapons
 - Level 5.0 Armour
 - Level 3.0 Dodging
 - Level 2.4 Stealth
 - Level 7.0 Spellcasting
 - Level 6.0 Conjurations
 * Level 0.8 Necromancy
 * Level 7.5 Ice Magic
 - Level 6.0 Air Magic
 - Level 6.0 Poison Magic


You had 13 spell levels left.
You knew the following spells:

 Your Spells              Type           Power      Damage    Failure   Level
a - Searing Ray           Conj           96%        2d7       1%          2
c - Magic Dart            Conj           100%       1d8       1%          1
e - Mephitic Cloud        Conj/Pois/Air  48%        N/A       1%          3
g - Ozocubu's Armour      Ice            55%        N/A       1%          3
z - Sublimation of Blood  Necr           15%        N/A       4%          2

Your spell library contained the following spells:

 Spells                   Type           Power      Damage    Failure   Level
 Shock                    Conj/Air       100%       1d9       1%          1
 Sting                    Tmut/Pois      100%       1d8       1%          1
 Ensorcelled Hibernation  Hex/Ice        68%        N/A       1%          2
 Poisonous Vapours        Pois/Air       96%        N/A       1%          2
 Hailstorm                Conj/Ice       52%        3d12      2%          4
 Necrotise                Necr           60%        1d7       3%          1
 Dazzling Flash           Conj/Hex       58%        N/A       3%          3
 Spider Form              Tmut/Pois      29%        N/A       3%          3
 Airstrike                Air            24%        2d(4-20)  3%          4
 Olgreb's Toxic Radiance  Pois           48%        N/A       3%          4
 Passwall                 Tmut/Erth      8%         N/A       7%          2
 Scorch                   Fire           20%        2d6       7%          2
 Wereblood                Tmut           10%        N/A       7%          2
 Ice Form                 Ice/Tmut       34%        N/A       10%         4
 Lightning Bolt           Conj/Air       24%        1d39      11%         5
 Portal Projectile        Hex/Tloc       20%        N/A       13%         3
 Tukima's Dance           Hex            10%        N/A       13%         3
 Flame Wave               Conj/Fire      29%        2d9       13%         4
 Fulminant Prism          Conj/Hex       14%        3d9       13%         4
 Iskenderun's Mystic Bla  Conj/Tloc      29%        2d7       13%         4
 Metabolic Englaciation   Hex/Ice        17%        N/A       26%         5
 Animate Dead             Necr           15%        N/A       32%         4
 Fireball                 Conj/Fire      14%        3d8       34%         5
 Anguish                  Hex/Necr       6%         N/A       36%         4
 Passage of Golubria      Tloc           10%        N/A       41%         4
 Blade Hands              Tmut           5%         N/A       77%         5
 Yara's Violent Unravell  Hex/Tmut       5%         3d4       77%         5
 Simulacrum               Ice/Necr       18%        N/A       77%         6
 Starburst                Conj/Fire      14%        6d6       89%         6
 Summon Cactus Giant      Summ           5%         N/A       100%        6
 Summon Hydra             Summ           5%         N/A       100%        7
 Ignition                 Fire           5%         3d4       100%        8
 Swiftness                Air            Unusable   N/A       N/A         3

Dungeon Overview and Level Annotations

Branches:
Dungeon (9/15)             Temple (1/1) D:7            Lair (0/5) D:9
    Orc (1/2) D:9

Altars:
Ashenzari
Cheibriados
Dithmenos
Elyvilon
Fedhas
Gozag
Kikubaaqudgha
Makhleb
Nemelex Xobeh
Okawaru
Qazlal
Ru
Sif Muna
Trog
Uskayaw
Vehumet
Wu Jian
Xom
Yredelemnul
Zin
The Shining One

Shops:
D:3 (

Annotations:
D:4 2 transporters, exclusion: angel, zen1337's ghost, amateur DsCj


Innate Abilities, Weirdness & Mutations

You cannot be hasted, slowed, berserked, paralysed or teleported.
You can dig through walls and to a lower floor.
You have a pair of large antennae on your head. (SInv)
Your four strong arms can wield two-handed weapons with a shield.


Message History

No target in view!
No target in view!
You now have 455 gold pieces (gained 15).
You see here a +0 dagger.
Magic restored.
There is an escape hatch in the floor here.
You now have 478 gold pieces (gained 23).
You sense a monster nearby.
An ettin comes into view. It is wielding two +0 dire flails.
The ettin shouts in stereo!
The ettin attacks as you move away! The ettin barely misses you.
The ettin hits you with a +0 dire flail!!
Casting: Mephitic Cloud (safe; 1% risk of failure)
Confirm with . or Enter, or press ? or * to list all spells.
Aiming: Mephitic Cloud (safe; 1% risk of failure)
Press: ? - help, Shift-Dir - straight line, f - ettin
Aim: an ettin, wielding two +0 dire flails (chance to affect: 43%) That beam is likely to hit you.
Continue anyway?
The ball explodes into a vile cloud!
The stinking cloud engulfs the ettin but does no damage.
The stinking cloud engulfs you but does no damage.
You are engulfed in noxious fumes.
You choke on the stench!
You are confused.
You hear a shout! x5
The ettin is engulfed in noxious fumes.
The ettin hits you with a +0 dire flail!
The ettin closely misses you. The ettin attacks as you move away!
The ettin misses you. The ettin barely misses you.
You feel less confused.
The ettin is engulfed in noxious fumes.
The ettin attacks as you move away!
The ettin hits you with a +0 dire flail!!
The ettin hits you with a +0 dire flail!!!
Ouch! That really hurt!
You die...
Kikubaaqudgha rasps: "You have failed me!
Welcome... death!"

##....#...#...#...#.....
##......####....##.....
###..######....## .#.#
#..# ##.......###. .
##.# #....#........
#####...##.......
##.....# #.....
#......###..#.#
##.###@.#..####
####..C.☼...##
#...#☼.....#
##.#.○§##.## #......###
#....###... #.... #....
{ #.... ...## { ##..
####


You could see an ettin.

Vanquished Creatures
  2 two-headed ogres (D:8)
  Pikel (D:7)
  Joseph (D:7)
  A komodo dragon (D:9)
  Sigmund (D:6)
  A wyvern (D:9)
  Eustachio (D:6)
  A steam dragon (D:9)
  An acid dragon (D:9)
  2 water moccasins (D:5)
  8 orc warriors
  A sky beast (D:6)
  2 black bears (D:6)
  A centaur (D:7)
  A lemure (D:7)
  3 kobold brigands
  7 bullfrogs
  2 gnoll sergeants (D:9)
  A necrophage (D:6)
  2 scorpions
  4 wights (D:6)
  6 howler monkeys
  3 hounds
  2 jellies
  6 orc priests
  2 iguanas
  9 orc wizards
  12 gnolls
  11 adders
  A shadow imp (D:8)
  A white imp (D:7)
  5 ufetubi
  5 worms
  A dart slug (D:2)
  23 orcs
  9 ball pythons
  8 bats
  5 endoplasms
  A giant cockroach (D:1)
  4 goblins
  9 hobgoblins
  7 jackals
  21 kobolds
  3 quokkas
  2 frilled lizards
  5 rats
205 creatures vanquished.

Vanquished Creatures (others)
  9 fungi (D:1)
  9 plants
18 creatures vanquished.

Grand Total: 223 creatures vanquished

Notes
Turn   | Place    | Note
-------+----------+-------------------------------------------
     0 | D:1      | DildoBatman the Formicid Conjurer began the quest for the
                  | Orb.
     0 | D:1      | Reached XP level 1. HP: 13/13 MP: 3/3
   118 | D:1      | Reached XP level 2. HP: 8/19 MP: 0/5
   121 | D:1      | Learned a level 2 spell: Searing Ray
   218 | D:1      | Found a faded altar of an unknown god.
   575 | D:1      | Reached XP level 3. HP: 12/24 MP: 0/6
   940 | D:2      | Reached XP level 4. HP: 19/30 MP: 1/7
  1065 | D:2      | Reached skill level 5 in Conjurations
  1460 | D:3      | Reached XP level 5. HP: 20/35 MP: 8/8
  1691 | D:3      | Found a shimmering blue altar of Sif Muna.
  1747 | D:3      | Found Utent's Antique Weapon Shoppe.
  2120 | D:4      | Found a transporter.
  2192 | D:4      | Found a transporter.
  2207 | D:4      | Noticed zen1337's ghost (amateur DsCj)
  2300 | D:4      | Reached skill level 1 in Fighting
  2300 | D:4      | Reached skill level 1 in Armour
  2300 | D:4      | Reached XP level 6. HP: 43/43 MP: 9/9
  2403 | D:4      | Found a burning altar of Makhleb.
  2405 | D:4      | Noticed an Executioner
  2407 | D:4      | Found a glowing silver altar of Zin.
  2408 | D:4      | Noticed an angel
  2622 | D:5      | Entered Level 5 of the Dungeon
  3058 | D:5      | Found a blossoming altar of Fedhas.
  3069 | D:5      | Noticed a water moccasin
  3416 | D:5      | Noticed a water moccasin
  3567 | D:6      | Noticed Sigmund
  3625 | D:6      | Noticed Eustachio
  3774 | D:6      | Reached XP level 7. HP: 45/51 MP: 11/11
  4000 | D:6      | Learned a level 2 spell: Sublimation of Blood
  4035 | D:6      | Found a sparkling altar of Nemelex Xobeh.
  4139 | D:6      | Reached skill level 5 in Spellcasting
  4139 | D:6      | Reached XP level 8. HP: 58/58 MP: 15/15
  4168 | D:6      | Learned a level 3 spell: Ozocubu's Armour
  4468 | D:6      | Got the Spellbook of Venom and Confrontation
  4473 | D:6      | Learned a level 3 spell: Mephitic Cloud
  4606 | D:6      | Found a bloodstained altar of Trog.
  4629 | D:6      | Reached skill level 1 in Poison Magic
  4844 | D:7      | Reached skill level 1 in Air Magic
  4871 | D:7      | Noticed Joseph
  5079 | D:7      | Found a staircase to the Ecumenical Temple.
  5088 | Temple   | Entered the Ecumenical Temple
  5161 | Temple   | Became a worshipper of Kikubaaqudgha
  5280 | D:6      | Killed Sigmund
  5294 | D:6      | Reached XP level 9. HP: 28/63 MP: 2/19
  5473 | D:6      | Killed Eustachio
  5514 | D:6      | Reached skill level 5 in Poison Magic
  5824 | D:5      | Reached skill level 1 in Ice Magic
  6136 | D:7      | Reached * piety under Kikubaaqudgha
  6136 | D:7      | Received a gift from Kikubaaqudgha
  6240 | D:7      | Noticed Pikel
  6255 | D:7      | Killed Pikel
  6256 | D:7      | Reached skill level 5 in Air Magic
  6256 | D:7      | Reached XP level 10. HP: 60/70 MP: 0/20
  6612 | D:8      | Noticed a two-headed ogre
  6643 | D:8      | Noticed a two-headed ogre
  6717 | D:8      | Reached skill level 5 in Ice Magic
  6957 | D:8      | Killed a two-headed ogre
  7084 | D:8      | Killed a two-headed ogre
  7085 | D:8      | Reached skill level 1 in Ranged Weapons
  7249 | D:7      | Killed Joseph
  7445 | D:8      | Reached ** piety under Kikubaaqudgha
  7883 | D:9      | Reached XP level 11. HP: 69/75 MP: 8/21
  8332 | D:9      | Found a staircase to the Lair.
  8393 | D:9      | Reached skill level 5 in Fighting
  8393 | D:9      | Reached skill level 5 in Armour
  8429 | D:9      | Found a shadowy altar of Dithmenos.
  8580 | D:9      | Found a staircase to the Orcish Mines.
  8708 | Orc:1    | Entered Level 1 of the Orcish Mines
  8898 | Orc:1    | Noticed an ettin
  8903 | Orc:1    | Annihilated by an ettin

Illustrated notes

Levels and vault maps discovered:
D:1:      scummos_arrival_checkerplants, layout_basic, basic_ecumenical_altar
D:2:      layout_rooms
D:3:      layout_loops_ring, lemuel_blue_sif_altar, serial_shops,
          nicolae_shop_hallway_plus, st_stairs_12
D:4:      layout_loops_cross, grunt_temple_overflow_order_and_chaos_2,
          gammafunk_ghost_gnarly_gnolls
D:5:      layout_loops_corners, mainiacjoe_overflow_alcove_2,
          chequers_serial_rivers_small_a
D:6:      layout_basic, mainiacjoe_overflow_alcove_1, trog_ov_bears_minmay,
          uniq_eustachio, uniq_sigmund
D:7:      layout_gridville, temple_statues, uniq_pikel, uniq_joseph
D:8:      layout_rooms
D:9:      layout_cave_pools, nicolae_dithmenos_the_darkroom,
          david_lair_shrubbed, orc_0_dummy
Temple:   eino_temple_lava
Orc:1:    layout_diamond_mine, basic_altar, mines5_lemuel

Skill      XL: |  1  2  3  4  5  6  7  8  9 10 11 |
---------------+----------------------------------+-----
Conjurations   | 4 5 6 |  6.0
Fighting       | 1 2 3 4 5 |  5.0
Armour         | 1 2 3 4 5 |  5.0
Dodging        | 2 3 |  3.0
Spellcasting   | 3 5 6 7 |  7.0
Poison Magic   | 3 6 |  6.0
Air Magic      | 2 5 6 |  6.0
Ice Magic      | 4 6 7 |  7.5
Ranged Weapons | 2 3 |  3.0
Stealth        | |  2.4
Necromancy     | |  0.8

Action                   |  1- 3 |  4- 6 |  7- 9 | 10-12 || total
-------------------------+-------+-------+-------+-------++-------
Melee: Unarmed           |    19 |       |       |       ||    19
       Punch             |     1 |     1 |     2 |     1 ||     5
       Short sword       |    13 |       |       |       ||    13
       Spear             |     2 |    16 |       |    85 ||   103
       Rapier            |       |     9 |       |       ||     9
       Falchion          |       |       |    56 |    62 ||   118
Throw: Dart              |       |       |       |    37 ||    37
 Cast: Magic Dart        |    46 |    21 |    17 |     7 ||    91
       Searing Ray       |     1 |    31 |    40 |    23 ||    95
       Mephitic Cloud    |       |       |    10 |    37 ||    47
       Ozocubu's Armour  |       |       |       |     3 ||     3
 Abil: Dig               |       |       |       |     1 ||     1
Evoke: Wand              |       |       |     1 |       ||     1
  Use: Scroll            |       |     3 |     4 |     4 ||    11
 Stab: Sleeping          |       |     2 |       |       ||     2
       Confused          |       |       |     3 |    11 ||    14
Armor: Robe              |     6 |    10 |    24 |    33 ||    73
Dodge: Dodged            |    44 |    27 |    53 |    88 ||   212
Block: Other             |       |     1 |    23 |    32 ||    56
       Reflection        |       |       |     1 |     3 ||     4
